MLB
KANSAS CITY ROYALS @ CHICAGO WHITE SOX
09/19/2048
 
TOP OF THE 1ST
Kansas City Royals batting - Pitching for Chicago White Sox : RHP Xenophon Valvis
Pitching: RHP Xenophon Valvis
Batting: SHB Jose Pacheco 0-0: Swinging Strike
0-1: Ground out 6-3 (Groundball, 6, EV 93.8 MPH)
Batting: RHB Matt Belgard 0-0: Called Strike
0-1: Ball
1-1: Fly out, F4 (Line Drive, 4, EV 68.8 MPH)
Batting: LHB Mike Meyerhoff 0-0: Swinging Strike
0-1: Ball
1-1: Ball
2-1: Ball
3-1: Foul Ball, location: 2F
3-2: Base on Balls
Batting: RHB Mike Jaquez 0-0: Foul Ball, location: 2F
0-1: Ball
1-1: Foul Ball, location: 2F
1-2: Ball
2-2: Ball
3-2: Strikes out swinging
Top of the 1st over - 0 runs, 0 hits, 0 errors, 1 left on base; Kansas City 0 - Chicago 0
BOTTOM OF THE 1ST
Chicago White Sox batting - Pitching for Kansas City Royals : LHP John Hall
Pitching: LHP John Hall
Batting: SHB Alfie Bungledorf 0-0: Called Strike
0-1: Foul Ball, location: 2F
0-2: Foul Ball, location: 2F
0-2: Ball
1-2: Ball
2-2: Foul Ball, location: 2F
2-2: Ground out 5-3 (Groundball, 56S, EV 73.1 MPH)
Batting: SHB Bartholomeu Chambino 0-0: Called Strike
0-1: Ball
1-1: Ball
2-1: Fly out, F6 (Line Drive, 6M, EV 66.9 MPH)
Batting: RHB Joseph Disepolo 0-0: Foul Ball, location: 2F
0-1: Foul Ball, location: 2F
0-2: Ball
1-2: Ball
2-2: Foul Ball, location: 2F
2-2: Strikes out swinging
Bottom of the 1st over - 0 runs, 0 hits, 0 errors, 0 left on base; Kansas City 0 - Chicago 0
TOP OF THE 2ND
Kansas City Royals batting - Pitching for Chicago White Sox : RHP Xenophon Valvis
Batting: LHB Roman Downey 0-0: Foul Ball, location: 2F
0-1: Swinging Strike
0-2: Ball
1-2: Strikes out looking
Batting: SHB Gil Switzer 0-0: Foul Ball, location: 2F
0-1: Called Strike
0-2: Ball
1-2: Ball
2-2: Ground out 4-3 (Groundball, 4MD, EV 104.4 MPH)
Batting: LHB Pete Hansel 0-0: Ball
1-0: Ball
2-0: Called Strike
2-1: Foul Ball, location: 2F
2-2: SINGLE (Flyball, 8LS, EV 89.4 MPH)
Batting: LHB Manny Estrada 0-0: Fly out, F8 (Flyball, 8LM, EV 89.4 MPH)
Top of the 2nd over - 0 runs, 1 hit, 0 errors, 1 left on base; Kansas City 0 - Chicago 0
BOTTOM OF THE 2ND
Chicago White Sox batting - Pitching for Kansas City Royals : LHP John Hall
Batting: RHB Dietmar Warmisch 0-0: Foul Ball, location: 2F
0-1: Foul Ball, location: 2F
0-2: Strikes out swinging
Batting: RHB Dieter Knoops 0-0: Ball
1-0: Ball
2-0: Ball
3-0: Base on Balls
Batting: SHB Gus Berry 0-0: Ball
1-0: Foul Ball, location: 2F
1-1: Called Strike
1-2: Ball
2-2: Fly out, F7 (Flyball, 7D, EV 93.1 MPH)
Runner from 1st tags up, SAFE at 2nd
Batting: RHB Leo Navarro 0-0: Ball
1-0: Foul Ball, location: 2F
1-1: Swinging Strike
1-2: Foul Ball, location: 2F
1-2: Ball
2-2: Reached on error, E5 (Groundball, 56, EV 87.5 MPH)
Dieter Knoops to third
Batting: RHB Brad Boals 0-0: Ball
1-0: Ball
2-0: Called Strike
2-1: Ball
3-1: Base on Balls
Leo Navarro to second
Batting: LHB Sidney Pedder 0-0: Ball
1-0: Foul Ball, location: 2F
1-1: Ball
2-1: Ball
3-1: Base on Balls
Dieter Knoops scores
Leo Navarro to third
Brad Boals to second
Batting: SHB Alfie Bungledorf 0-0: Ball
1-0: Swinging Strike
1-1: Swinging Strike
1-2: Strikes out looking
Bottom of the 2nd over - 1 run, 0 hits, 1 error, 3 left on base; Kansas City 0 - Chicago 1
TOP OF THE 3RD
Kansas City Royals batting - Pitching for Chicago White Sox : RHP Xenophon Valvis
Batting: RHB Ken Postlethwaite 0-0: Ball
1-0: Called Strike
1-1: DOUBLE (Line Drive, 89D, EV 103.1 MPH)
Batting: SHB Jose Pacheco 0-0: Called Strike
0-1: Ball
1-1: Swinging Strike
1-2: Hit by Pitch
Batting: RHB Matt Belgard 0-0: Called Strike
0-1: Ball
1-1: Ball
2-1: Grounds into double play, 6-4-3 (Groundball, 56D, EV 83.1 MPH)
Ken Postlethwaite to third
Batting: LHB Mike Meyerhoff 0-0: Foul Ball, location: 2F
0-1: Ball
1-1: Ball
2-1: Ball
3-1: Ground out 6-3 (Groundball, 6, EV 91.2 MPH)
Top of the 3rd over - 0 runs, 1 hit, 0 errors, 1 left on base; Kansas City 0 - Chicago 1
BOTTOM OF THE 3RD
Chicago White Sox batting - Pitching for Kansas City Royals : LHP John Hall
Batting: SHB Bartholomeu Chambino 0-0: Ball
1-0: Foul Ball, location: 2F
1-1: Swinging Strike
1-2: Strikes out looking
Batting: RHB Joseph Disepolo 0-0: Foul Ball, location: 2F
0-1: Swinging Strike
0-2: Strikes out swinging
Batting: RHB Dietmar Warmisch 0-0: Swinging Strike
0-1: Ball
1-1: Swinging Strike
1-2: Ball
2-2: Ball
3-2: Foul Ball, location: 2F
3-2: Foul Ball, location: 2F
3-2: Strikes out swinging
Bottom of the 3rd over - 0 runs, 0 hits, 0 errors, 0 left on base; Kansas City 0 - Chicago 1
TOP OF THE 4TH
Kansas City Royals batting - Pitching for Chicago White Sox : RHP Xenophon Valvis
Batting: RHB Mike Jaquez 0-0: Swinging Strike
0-1: Ball
1-1: Fly out, F4 (Popup, 34D, EV 68.1 MPH)
Batting: LHB Roman Downey 0-0: Ball
1-0: Ball
2-0: Called Strike
2-1: Foul Ball, location: 2F
2-2: Foul Ball, location: 2F
2-2: Fly out, F7 (Flyball, 7, EV 86.9 MPH)
Batting: SHB Gil Switzer 0-0: Called Strike
0-1: Foul Ball, location: 2F
0-2: Ball
1-2: Foul Ball, location: 2F
1-2: Ball
2-2: Ball
3-2: Ground out 6-3 (Groundball, 6M, EV 100.6 MPH)
Top of the 4th over - 0 runs, 0 hits, 0 errors, 0 left on base; Kansas City 0 - Chicago 1
BOTTOM OF THE 4TH
Chicago White Sox batting - Pitching for Kansas City Royals : LHP John Hall
Batting: RHB Dieter Knoops 0-0: Ball
1-0: Ball
2-0: Ball
3-0: Base on Balls
Batting: SHB Gus Berry 0-0: Foul Ball, location: 2F
0-1: Ball
1-1: Swinging Strike
1-2: Ball
2-2: Ball
3-2: Foul Ball, location: 2F
3-2: Foul Ball, location: 2F
3-2: SINGLE (Groundball, 6D, EV 103.1 MPH)
Dieter Knoops to second
Dieter Knoops to third
Batting: RHB Leo Navarro 0-0: Swinging Strike
0-1: Ball
1-1: Grounds into double play, 6-4-3 (Groundball, 6, EV 108.8 MPH)
Dieter Knoops scores
Batting: RHB Brad Boals 0-0: Ball
1-0: Ball
2-0: Called Strike
2-1: Called Strike
2-2: DOUBLE (Line Drive, 89D, EV 105.0 MPH)
Batting: LHB Sidney Pedder 0-0: Ball
1-0: Swinging Strike
1-1: Foul Ball, location: 2F
1-2: Ball
2-2: SINGLE (Groundball, 34D, EV 103.8 MPH)
Brad Boals to third
Runner from 3rd tries for Home, SAFE, throw by RF to home
Batting: SHB Alfie Bungledorf 0-0: Ball
1-0: Fly out, F7 (Flyball, 7S, EV 78.1 MPH)
Bottom of the 4th over - 2 runs, 3 hits, 0 errors, 1 left on base; Kansas City 0 - Chicago 3
TOP OF THE 5TH
Kansas City Royals batting - Pitching for Chicago White Sox : RHP Xenophon Valvis
Batting: LHB Pete Hansel 0-0: Swinging Strike
0-1: Ball
1-1: Ground out U3 (Groundball, 3L, EV 102.5 MPH)
Batting: LHB Manny Estrada 0-0: Ball
1-0: Ball
2-0: SINGLE (Flyball, 34D, EV 85.6 MPH)
Batting: RHB Ken Postlethwaite 0-0: Called Strike
0-1: Ball
1-1: Fly out, F7 (Flyball, 7D, EV 104.4 MPH)
Batting: SHB Jose Pacheco 0-0: Ball
1-0: Called Strike
1-1: Ball
2-1: Called Strike
2-2: Foul Ball, location: 2F
2-2: Strikes out swinging
Top of the 5th over - 0 runs, 1 hit, 0 errors, 1 left on base; Kansas City 0 - Chicago 3
BOTTOM OF THE 5TH
Chicago White Sox batting - Pitching for Kansas City Royals : LHP John Hall
Batting: SHB Bartholomeu Chambino 0-0: Foul Ball, location: 2F
0-1: Ball
1-1: Foul Ball, location: 2F
1-2: Ball
2-2: Ground out 5-3 (Groundball, 5, EV 86.2 MPH)
Batting: RHB Joseph Disepolo 0-0: Foul Ball, location: 2F
0-1: SINGLE (Flyball, 8RS, EV 93.8 MPH)
Batting: RHB Dietmar Warmisch 0-0: Ball
1-0: Ball
2-0: Ball
3-0: Base on Balls
Joseph Disepolo to second
Batting: RHB Dieter Knoops 0-0: Called Strike
0-1: Called Strike
0-2: Ball
1-2: Ball
2-2: Foul Ball, location: 2F
2-2: Foul Ball, location: 2F
2-2: DOUBLE (Flyball, 89D, EV 93.1 MPH)
Joseph Disepolo scores
Dietmar Warmisch to third
Pitching: RHP Josh Moncada
Batting: SHB Gus Berry 0-0: Called Strike
0-1: Foul Ball, location: 2F
0-2: Ball
1-2: Strikes out looking
Batting: RHB Leo Navarro 0-0: Ball
1-0: Ground out 6-3 (Groundball, 56, EV 83.1 MPH)
Bottom of the 5th over - 1 run, 2 hits, 0 errors, 2 left on base; Kansas City 0 - Chicago 4
TOP OF THE 6TH
Kansas City Royals batting - Pitching for Chicago White Sox : RHP Xenophon Valvis
Batting: RHB Matt Belgard 0-0: Ball
1-0: Called Strike
1-1: Ball
2-1: Ball
3-1: Foul Ball, location: 2F
3-2: Strikes out swinging
Batting: LHB Mike Meyerhoff 0-0: Ball
1-0: Ball
2-0: SINGLE (Flyball, 56D, EV 96.9 MPH)
Batting: RHB Mike Jaquez 0-0: Ground out 5-3 (Groundball, 56S, EV 66.2 MPH)
Mike Meyerhoff to second
Batting: LHB Roman Downey 0-0: Foul Ball, location: 2F
0-1: Ball
1-1: Ball
2-1: Fly out, F5 (Flyball, 5D, EV 89.4 MPH)
Top of the 6th over - 0 runs, 1 hit, 0 errors, 1 left on base; Kansas City 0 - Chicago 4
BOTTOM OF THE 6TH
Chicago White Sox batting - Pitching for Kansas City Royals : RHP Josh Moncada
Batting: RHB Brad Boals 0-0: Ball
1-0: Swinging Strike
1-1: Ball
2-1: Ball
3-1: Base on Balls
Batting: LHB Sidney Pedder 0-0: Called Strike
0-1: Foul Ball, location: 2F
0-2: Foul Ball, location: 2F
0-2: Ball
1-2: Strikes out swinging
Batting: SHB Alfie Bungledorf 0-0: Ball
1-0: Foul Ball, location: 2F
1-1: SINGLE (Groundball, 4M, EV 100.0 MPH)
Brad Boals to second
Batting: SHB Bartholomeu Chambino 0-0: Called Strike
0-1: Ball
1-1: Foul Ball, location: 2F
1-2: Foul Ball, location: 2F
1-2: Foul Ball, location: 2F
1-2: Ball
2-2: Ball
3-2: Foul Ball, location: 2F
3-2: 3-RUN HOME RUN (Flyball, 89XD, EV 111.9 MPH), Distance : 441 ft
Pitching: LHP Mike Jones
Batting: RHB Joseph Disepolo 0-0: Called Strike
0-1: Ball
1-1: SINGLE (Line Drive, 8LS, EV 93.8 MPH)
Batting: RHB Dietmar Warmisch 0-0: Ball
1-0: Foul Ball, location: 2F
1-1: Foul Ball, location: 2F
1-2: Foul Ball, location: 2F
1-2: Ball
2-2: Foul Ball, location: 2F
2-2: Ball
3-2: Fly out, F7 (Flyball, 7LMF, EV 93.1 MPH)
Batting: RHB Dieter Knoops 0-0: Called Strike
0-1: Fly out, F4 (Line Drive, 4MD, EV 67.5 MPH)
Bottom of the 6th over - 3 runs, 3 hits, 0 errors, 1 left on base; Kansas City 0 - Chicago 7
TOP OF THE 7TH
Kansas City Royals batting - Pitching for Chicago White Sox : RHP Xenophon Valvis
Pinch Hitting: RHB Imbart Faber 0-0: Ball
1-0: Swinging Strike
1-1: Ball
2-1: Ball
3-1: Base on Balls
Batting: LHB Pete Hansel 0-0: Called Strike
0-1: Ball
1-1: Ball
2-1: Ball
3-1: Fly out, F8 (Line Drive, 8RM, EV 88.1 MPH)
Batting: LHB Manny Estrada 0-0: Ball
1-0: Ball
2-0: Ball
3-0: Base on Balls
Imbart Faber to second
Batting: RHB Ken Postlethwaite 0-0: Called Strike
0-1: Fielders Choice at 2nd, 1-4 (Groundball, 15S, EV 71.9 MPH)
Imbart Faber to third
Batting: SHB Jose Pacheco 0-0: Ball
1-0: Swinging Strike
1-1: Ball
2-1: Ball
3-1: Swinging Strike
3-2: Fly out, F9 (Line Drive, 89M, EV 91.2 MPH)
Top of the 7th over - 0 runs, 0 hits, 0 errors, 2 left on base; Kansas City 0 - Chicago 7
BOTTOM OF THE 7TH
Chicago White Sox batting - Pitching for Kansas City Royals : LHP Mike Jones
Now in LF: Roman Downey
Now in RF: Robby Diaz
Batting: SHB Gus Berry 0-0: Ball
1-0: Ball
2-0: Ball
3-0: Ground out 1-3 (Groundball, 13S, EV 68.1 MPH)
Batting: RHB Leo Navarro 0-0: Called Strike
0-1: Swinging Strike
0-2: Ball
1-2: DOUBLE (Line Drive, 8RXD, EV 92.5 MPH)
Batting: RHB Brad Boals 0-0: Ball
1-0: Ball
2-0: Ball
3-0: Base on Balls
Batting: LHB Sidney Pedder 0-0: Called Strike
0-1: Ball
1-1: Grounds into double play, 4-6-3 (Groundball, 34D, EV 106.9 MPH)
Bottom of the 7th over - 0 runs, 1 hit, 0 errors, 1 left on base; Kansas City 0 - Chicago 7
TOP OF THE 8TH
Kansas City Royals batting - Pitching for Chicago White Sox : RHP Xenophon Valvis
Pitching: RHP Mike Willig
Batting: RHB Matt Belgard 0-0: Ball
1-0: Ground out 5-3 (Groundball, 5, EV 79.4 MPH)
Batting: LHB Mike Meyerhoff 0-0: Ball
1-0: Ball
2-0: Ball
3-0: Foul Ball, location: 2F
3-1: Base on Balls
Batting: RHB Mike Jaquez 0-0: Ball
1-0: Ball
2-0: Fly out, F7 (Flyball, 7LD, EV 104.4 MPH)
Batting: LHB Roman Downey 0-0: SINGLE (Flyball, 8LS, EV 97.5 MPH)
Mike Meyerhoff to second
Batting: LHB Robby Diaz 0-0: Called Strike
0-1: Ball
1-1: Foul Ball, location: 2F
1-2: Ball
2-2: Strikes out looking
Top of the 8th over - 0 runs, 1 hit, 0 errors, 2 left on base; Kansas City 0 - Chicago 7
BOTTOM OF THE 8TH
Chicago White Sox batting - Pitching for Kansas City Royals : LHP Mike Jones
Batting: SHB Alfie Bungledorf 0-0: Foul Ball, location: 2F
0-1: Ball
1-1: Foul Ball, location: 2F
1-2: Ball
2-2: Strikes out swinging, 2-3 out at first.
Batting: SHB Bartholomeu Chambino 0-0: Called Strike
0-1: Ball
1-1: Called Strike
1-2: Strikes out swinging
Batting: RHB Joseph Disepolo 0-0: Called Strike
0-1: Ball
1-1: Ball
2-1: Ball
3-1: Base on Balls
Batting: RHB Dietmar Warmisch 0-0: Fielders Choice at 2nd, 6-4 (Groundball, 56, EV 104.4 MPH)
Bottom of the 8th over - 0 runs, 0 hits, 0 errors, 1 left on base; Kansas City 0 - Chicago 7
TOP OF THE 9TH
Kansas City Royals batting - Pitching for Chicago White Sox : RHP Mike Willig
Batting: LHB Pete Hansel 0-0: Called Strike
0-1: Ball
1-1: SINGLE (Groundball, 13S, EV 63.8 MPH) (infield hit)
Pitching: LHP Rhett Beers
Pinch Hitting: RHB Adam Martin 0-0: SINGLE (Groundball, 56D, EV 109.4 MPH)
Pete Hansel to second
Batting: RHB Ken Postlethwaite 0-0: Fly out, F9 (Line Drive, 9LS, EV 97.5 MPH)
Batting: SHB Jose Pacheco 0-0: Ball
1-0: Foul Ball, location: 2F
1-1: Called Strike
1-2: Strikes out swinging
Batting: RHB Matt Belgard 0-0: Ball
1-0: SINGLE (Groundball, 4M, EV 90.0 MPH) (infield hit)
Pete Hansel to third
Adam Martin to second
Batting: LHB Mike Meyerhoff 0-0: Ball
1-0: Ball
2-0: Ball
3-0: Called Strike
3-1: Called Strike
3-2: Foul Ball, location: 2F
3-2: Strikes out looking
Top of the 9th over - 0 runs, 3 hits, 0 errors, 3 left on base; Kansas City 0 - Chicago 7
Tuesday, March 28th , 2023 - OOTP Baseball 23.10 Build 110